 Dungeon Crawl Stone Soup version 0.29-a0-565-g7a16c6de65 (webtiles) character file.

Game seed: 6873568668757642529

217 Querens the Shield-Bearer (level 6, -3/49 HPs)
             Began as a Formicid Fighter on June 11, 2022.
             Killed by nerve-wracking pain
             ... invoked by an orc priest
              (6 damage)
             ... on level 4 of the Dungeon.
             The game lasted 00:07:09 (2098 turns).

Querens the Shield-Bearer (Formicid Fighter)        Turns: 2098, Time: 00:07:09

Health: -3/49      AC: 10    Str: 29    XL:     6   Next: 16%
Magic:  6/6        EV:  8    Int:  7    God:
Gold:   243        SH:  5    Dex: 10    Spells: 5/5 levels left

rFire   . . .      SeeInvis +   a - +0 war axe
rCold   . . .      Faith    .   c - +0 buckler
rNeg    + . .      Spirit   .   t - +0 chain mail
rPois   .          Reflect  .   (helmet unavailable)
rElec   .          Harm     .   (no cloak)
rCorr   .          Rampage  .   h - +0 pair of gloves
Will    .....                   (no boots)
Stlth   ..........              (no amulet)
HPRegen 0.16/turn               m - +6 ring of strength
MPRegen 0.10/turn               o - ring of positive energy

@: mighty, brilliant
A: permanent stasis, dig shafts and tunnels, antennae 3, four strong arms,
passive freeze
a: Dig, Shaft Self


You were on level 4 of the Dungeon.
You visited 1 branch of the dungeon, and saw 4 of its levels.

You collected 243 gold pieces.

Inventory:

Hand Weapons
 a - a +0 war axe (weapon)
Armour
 c - a +0 buckler (worn)
 h - a +0 pair of gloves (worn)
 t - a +0 chain mail (worn)
Jewellery
 l - a ring of flight
 m - a +6 ring of strength (left hand)
 o - a ring of positive energy (right hand)
 q - a ring of protection from cold
Scrolls
 i - a scroll of fog {unknown}
 k - a scroll of enchant weapon {unknown}
 n - a scroll of teleportation {unknown}
 p - a scroll of amnesia {unknown}
 r - 2 scrolls of vulnerability {unknown}
 s - a scroll of identify {unknown}
Potions
 b - a potion of berserk rage
 d - a potion of might
 f - a potion of mutation
 g - a potion of haste


   Skills:
 + Level 4.4 Fighting
 + Level 3.3 Axes
 + Level 4.4 Armour
 + Level 5.5 Shields


You had 5 spell levels left.
You didn't know any spells.
Your spell library contained the following spells:

 Spells                   Type           Power      Damage    Failure   Level
 Inner Flame              Hex/Fire       0%         N/A       100%        3
 Cause Fear               Hex            0%         N/A       100%        4
 Discord                  Hex            0%         N/A       100%        8


Dungeon Overview and Level Annotations

Branches:
Dungeon (4/15)
 Temple: D:4-7

Altars:
Vehumet


Innate Abilities, Weirdness & Mutations

You cannot be hasted, slowed, berserked, paralysed or teleported.
You can dig through walls and to a lower floor.
You have a pair of large antennae on your head. (SInv)
Your four strong arms can wield two-handed weapons with a shield.
A frigid envelope surrounds you and freezes all who hurt you.


Message History

You have reached level 6!
It was a potion of curing.
You feel better.
The orc priest mumbles some strange prayers to Beogh against you.
Beogh smites you!
* * * LOW HITPOINT WARNING * * *
Unknown command.
It was a potion of mutation.
You feel extremely strange.
Your skin feels very cold.
The orc priest hits you but does no damage.
The orc priest is very cold.
The orc priest is heavily wounded.
You feel better.
The orc priest hits you with a +0 dagger.
The orc priest is very cold.
The orc priest is almost dead.
The orc priest invokes the aid of Beogh against you.
Beogh smites you!
* * * LOW HITPOINT WARNING * * *
You feel better. The orc priest closely misses you.
It was a potion of berserk rage.
Your stasis prevents you from going berserk.
The orc priest begins to cast a cantrip, but forgets the words!
It was a potion of haste.
Your stasis prevents you from being hasted.
You block the orc priest's attack.
The orc priest calls upon Beogh to heal the orc priest.
The orc priest is healed somewhat.
It was a potion of brilliance.
You feel clever all of a sudden.
The orc priest hits you with a +0 dagger.
* * * LOW HITPOINT WARNING * * *
The orc priest is very cold.
You kill the orc priest!
The orc priest invokes the aid of Beogh against you.
Beogh smites you!
* * * LOW HITPOINT WARNING * * *
Okay, then.
The orc priest mumbles some strange prayers to Beogh against you.
Pain shoots through your body!
You die...

......
########..#
#.........#
#.######.## #.#
#.# #.# #.# #.#
#.# #.#
#.###########.###
..#
#........@ooo....
###
#################


You could see 2 orc priests and an orc wizard (invisible).

Vanquished Creatures
  A jelly (D:4)
  An orc priest (D:4)
  Terence (D:3)
  6 adders
  4 worms (D:3)
  A dart slug (D:1)
  2 orcs
  3 ball pythons
  6 bats
  4 endoplasms
  2 giant cockroaches
  6 goblins (D:1)
  8 hobgoblins
  2 jackals (D:1)
  6 kobolds
  4 quokkas
  3 frilled lizards
60 creatures vanquished.

Vanquished Creatures (others)
  4 plants (D:2)
4 creatures vanquished.

Grand Total: 64 creatures vanquished

Notes
Turn   | Place    | Note
-------+----------+-------------------------------------------
     0 | D:1      | Querens the Formicid Fighter began the quest for the Orb.
     0 | D:1      | Reached XP level 1. HP: 18/18 MP: 1/1
    29 | D:1      | Reached XP level 2. HP: 21/24 MP: 2/2
   127 | D:1      | Reached XP level 3. HP: 26/29 MP: 3/3
   214 | D:1      | Found a faded altar of an unknown god.
   742 | D:2      | Reached XP level 4. HP: 37/37 MP: 4/4
  1594 | D:3      | Noticed Terence
  1595 | D:3      | Found a faded altar of an unknown god.
  1600 | D:3      | Killed Terence
  1601 | D:3      | Reached skill level 5 in Shields
  1601 | D:3      | Reached XP level 5. HP: 22/42 MP: 5/5
  1603 | D:3      | Found a radiant altar of Vehumet.
  2091 | D:4      | Reached XP level 6. HP: 15/49 MP: 6/6
  2092 | D:4      | Gained mutation: A frigid envelope surrounds you and
                  | freezes all who hurt you. [potion of mutation]
  2098 | D:4      | Killed from afar by an orc priest

Illustrated notes

Levels and vault maps discovered:
D:1:      lemuel_arrival_lava_pool, layout_loops_cross,
          dreamdust_ecumenical_altar_statues,
          hangedman_abyss_or_decor_lesser_grid, st_stairs_5, nrook_campfire,
          hangedman_decor_clover_reticule
D:2:      cheibrodos_old_hovel, layout_basic, serial_forest,
          infiniplex_forest_zigzag_2, infiniplex_forest_clump_small,
          infiniplex_forest_straight_3, infiniplex_forest_lined_3_way,
          infiniplex_forest_straight_2, infiniplex_forest_clump_curved,
          infiniplex_forest_straight_4, minmay_surrounded
D:3:      layout_loops_corners, nicolae_overflow_ecumenical_swirl,
          serial_aquarium, aquarium_bridge_straight [aquarium_subvault_bridge,
          aquarium_subvault_wall, aquarium_subvault_bridge,
          aquarium_subvault_wall], aquarium_bridge_island_small
          [aquarium_subvault_small_open, aquarium_subvault_bridge,
          aquarium_subvault_bridge, aquarium_subvault_wall,
          aquarium_subvault_window], aquarium_window_corner,
          aquarium_window_fake, aquarium_window_corner,
          aquarium_window_corridor_1, aquarium_view_2b,
          aquarium_balcony_double_2, aquarium_pool_S, minmay_fountain_box,
          uniq_terence
D:4:      layout_basic

Skill      XL: |  1  2  3  4 |
---------------+-------------+-----
Armour         | 4 |  4.4
Fighting       | 4 |  4.4
Axes           | 3 |  3.3
Shields        | 5 |  5.5

Action                   |  1- 3 |  4- 6 || total
-------------------------+-------+-------++-------
Melee: War axe           |    74 |    77 ||   151
  Use: Potion            |       |     8 ||     8
Armor: Scale mail        |    37 |    29 ||    66
       Chain mail        |       |    17 ||    17
Dodge: Dodged            |    28 |    31 ||    59
Block: Buckler           |    14 |    27 ||    41

Table legend: (Time is in decaauts)
 A = Elapsed time spent in this place.
 B = Non-inter-level travel time spent in this place.
 C = Inter-level travel time spent in this place.
 D = Time resting spent in this place.
 E = Time spent auto-exploring this place.
 F = Levels seen in this place.
 G = Mean time per level.
                   A        B        C        D        E       F      G
               +--------+--------+--------+--------+--------+-----+--------+
         Total |   2157 |   2025 |    132 |      0 |      0 |   4 |  539.2 |
       Dungeon |   2157 |   2025 |    132 |      0 |      0 |   4 |  539.2 |
               +--------+--------+--------+--------+--------+-----+--------+

Top non-repeatable levels by time:
     D:3: 801 daAuts
     D:1: 673 daAuts
     D:2: 593 daAuts
     D:4: 89 daAuts
